 Dungeon Crawl Stone Soup version 0.27-a0-1287-gca74d27db6 (webtiles) character file.

Game seed: 2948299708442967425

514 Snikeer the Grasshopper (level 7, -6/56 HPs)
             Began as a Gnoll Warper on June 14, 2021.
             Mangled by a black bear (8 damage)
             ... on level 4 of the Dungeon.
             The game lasted 00:08:14 (5140 turns).

Snikeer the Grasshopper (Gnoll Warper)              Turns: 5140, Time: 00:08:14

Health: -6/56      AC:  4    Str: 10    XL:     7   Next: 20%
Magic:  4/15       EV: 13    Int: 14    God:
Gold:   198        SH:  0    Dex: 12    Spells: 9/17 levels left

rFire    . . .     SeeInvis .   a - +0 falchion
rCold    . . .     Faith    .   (no shield)
rNeg     . . .     Spirit   .   b - +0 leather armour
rPois    .         Reflect  .   j - +0 helmet
rElec    .         Harm     .   (no cloak)
rCorr    .         Rampage  .   (no gloves)
Will     .....                  (no boots)
Stlth    ++........             (no amulet)
HPRegen  0.18/turn              (no ring)
MPRegen  0.14/turn              (no ring)

@: no status effects
A: fangs 1, strong nose, distributed training
a: no special abilities


You were on level 4 of the Dungeon.
You visited 1 branch of the dungeon, and saw 4 of its levels.

You collected 198 gold pieces.

Inventory:

Hand Weapons
 a - a +0 falchion (weapon)
Missiles
 e - 5 boomerangs of dispersal {=f}
 l - 13 poisoned darts
 m - 65 arrows
 p - 7 atropa-tipped darts
 s - 120 stones (quivered)
Armour
 b - a +0 leather armour (worn)
 j - a +0 helmet (worn)
   (You took it off Robin on level 2 of the Dungeon)
Jewellery
 W - a ring of willpower
   (You found it on level 3 of the Dungeon)
Wands
 d - a wand of digging (3)
   (You found it on level 4 of the Dungeon)
 i - a wand of iceblast (2)
   (You found it on level 3 of the Dungeon)
Scrolls
 f - 2 scrolls of teleportation {unknown}
 g - a scroll of immolation {unknown}
 h - 3 scrolls of identify {unknown}
 n - a scroll of noise {unknown}
 q - a scroll of enchant weapon {unknown}
 r - a scroll of vulnerability {unknown}
 D - a scroll of blinking {!r}
Potions
 c - 2 potions of curing {unknown}
 k - 3 potions of heal wounds {unknown}
 o - a potion of degeneration {unknown}


   Skills:
 + Level 5.1 Fighting
 + Level 2.3 Short Blades
 + Level 5.1 Long Blades
 + Level 2.3 Axes
 + Level 2.3 Maces & Flails
 + Level 2.3 Polearms
 + Level 2.3 Staves
 + Level 2.3 Slings
 + Level 2.3 Bows
 + Level 2.3 Crossbows
 + Level 3.5 Throwing
 + Level 3.5 Armour
 + Level 5.1 Dodging
 + Level 2.3 Stealth
 + Level 2.3 Shields
 + Level 2.3 Unarmed Combat
 + Level 5.5 Spellcasting
 + Level 1.9 Conjurations
 + Level 1.9 Hexes
 + Level 1.9 Summonings
 + Level 1.9 Necromancy
 + Level 5.8 Translocations
 + Level 1.9 Transmutations
 + Level 1.9 Fire Magic
 + Level 1.9 Ice Magic
 + Level 1.9 Air Magic
 + Level 1.9 Earth Magic
 + Level 1.9 Poison Magic
 + Level 2.5 Invocations
 + Level 2.3 Evocations


You had 9 spell levels left.
You knew the following spells:

 Your Spells              Type           Power      Damage    Failure   Level
a - Gell's Gravitas       Tloc           10%        N/A       6%          3
b - Blink                 Tloc           N/A        N/A       3%          2
c - Lesser Beckoning      Tloc           10%        N/A       6%          3

Your spell library contained the following spells:

 Spells                   Type           Power      Damage    Failure   Level
 Teleport Other           Tloc           20%        N/A       6%          3
 Manifold Assault         Tloc           20%        N/A       50%         5


Dungeon Overview and Level Annotations

Branches:
Dungeon (4/15)
 Temple: D:4-7

Altars:
Ru
Yredelemnul

Shops:
D:2 (*=:


Innate Abilities, Weirdness & Mutations

You have very sharp teeth.
Your uncanny sense of smell can sniff out nearby items.
Your experience applies equally to all skills.


Message History

The black bear claws you but does no damage.
The black bear misses you.
Casting: Gell's Gravitas (dangerous; 6% risk of failure)
Confirm with . or Enter, or press ? or * to list all spells.
You blink.
You now have 13/15 mp.
An endoplasm comes into view.
MP restored: 15
There is a stone staircase leading up here.
You climb upwards.
There is a stone staircase leading down here.
HP restored.
Done exploring.
Health restored: 56 You climb downwards.
There is a stone staircase leading up here.
You hit the black bear. The black bear bites you.
The black bear barely misses you.
The black bear claws you but does no damage.
You take 1 damage, and have 55/56 hp.
You hit the black bear. The black bear closely misses you.
You riposte.
You hit the black bear. The black bear claws you.
The black bear claws you but does no damage.
You hit the black bear but do no damage.
The black bear completely misses you. The black bear misses you.
The black bear closely misses you.
You hit the black bear but do no damage.
The black bear bites you. The black bear barely misses you.
The black bear claws you.
You take 5 damage, and have 50/56 hp.
You hit the black bear but do no damage.
The black bear misses you. The black bear claws you.
The black bear claws you but does no damage.
You take 2 damage, and have 48/56 hp.
You hit the black bear. You punch the black bear.
The black bear closely misses you.
You riposte.
You hit the black bear. The black bear claws you.
The black bear closely misses you.
You take 2 damage, and have 46/56 hp.
You hit the black bear.
The black bear goes berserk!
You hit the black bear.
You bite the black bear, but do no damage.
The black bear barely misses you. The black bear closely misses you.
The black bear claws you but does no damage.
The black bear bites you. The black bear misses you. The black bear claws you.
You take 11 damage, and have 36/56 hp.
Casting: Blink (safe; 3% risk of failure)
Confirm with . or Enter, or press ? or * to list all spells.
Aiming: Gell's Gravitas (dangerous; 6% risk of failure)
Press: ? - help, Dir - move target Gravity reorients around empty space.
You now have 12/15 mp.
Casting: Gell's Gravitas (dangerous; 6% risk of failure)
Confirm with . or Enter, or press ? or * to list all spells.
Aiming: Gell's Gravitas (dangerous; 6% risk of failure)
Press: ? - help, Dir - move target Gravity reorients around empty space.
The black bear bites you. The black bear completely misses you.
The black bear claws you.
You take 3 damage, and have 33/56 hp.
You now have 9/15 mp.
Casting: Gell's Gravitas (dangerous; 6% risk of failure)
Confirm with . or Enter, or press ? or * to list all spells.
Aiming: Gell's Gravitas (dangerous; 6% risk of failure)
Press: ? - help, Dir - move target Gravity reorients around empty space.
You now have 6/15 mp.
Casting: Gell's Gravitas (dangerous; 6% risk of failure)
Confirm with . or Enter, or press ? or * to list all spells.
Aiming: Gell's Gravitas (dangerous; 6% risk of failure)
Press: ? - help, Dir - move target, f - black bear
Aim: a black bear (severely wounded, berserk) Gravity reorients around the black bear.
The black bear barely misses you. x2
The black bear claws you but does no damage.
The black bear bites you!
The black bear claws you but does no damage.
The black bear closely misses you.
You take 9 damage, and have 24/56 hp.
You now have 3/15 mp.
You barely miss the black bear. The black bear bites you.
The black bear claws you but does no damage.
The black bear misses you.
You take 3 damage, and have 21/56 hp.
You barely miss the black bear. The black bear closely misses you.
The black bear claws you. The black bear barely misses you.
The black bear closely misses you.
The black bear claws you but does no damage.
The black bear claws you.
* * * LOW HITPOINT WARNING * * *
You take 6 damage, and have 15/56 hp.
You barely miss the black bear. The black bear barely misses you.
The black bear claws you.
* * * LOW HITPOINT WARNING * * *
The black bear claws you.
* * * LOW HITPOINT WARNING * * *
You take 5 damage, and have 10/56 hp.
You hit the black bear but do no damage.
The black bear bites you!
* * * LOW HITPOINT WARNING * * *
The black bear closely misses you.
The black bear claws you but does no damage.
The black bear bites you!
You die...

### #.## #..# #.
######..# ##### #.
#...#...# #...#
#.## .#...####
#...# #..# #
#####...## #...##
..# #. ##.#.#..#
##.#)# #.####.J
##..###.## ##.@###
##....... #...#
#.#
##h..######.....#
...####.#
#..........#...##
##......#
#........####...##
#..#.#.##
#.......## ##...#
##..###..##
##......## ##h..
#..##
#...#####..####..#
##.. #..#
#....##..)## #..##
##.
...####.........#
##..# ##.


You could see a black bear (berserk).

Vanquished Creatures
  Sigmund (D:2)
  A necrophage (D:4)
  2 hounds
  A bullfrog skeleton (D:4)
  An iguana (D:4)
  An orc wizard (D:3)
  Robin (D:2)
  A gnoll (D:3)
  3 adders
  A shadow imp (D:3)
  An adder skeleton (D:4)
  A dart slug (D:1)
  6 orcs
  4 bats
  7 endoplasms
  4 giant cockroaches
  10 goblins
  11 hobgoblins
  2 jackals (D:1)
  3 kobolds
  A quokka (D:4)
  5 ball pythons
  A frilled lizard (D:3)
  3 rats
72 creatures vanquished.

Notes
Turn   | Place    | Note
-------+----------+-------------------------------------------
     0 | D:1      | Snikeer the Gnoll Warper began the quest for the Orb.
     0 | D:1      | Reached XP level 1. HP: 20/20 MP: 6/6
   184 | D:1      | Reached XP level 2. HP: 24/26 MP: 7/7
   223 | D:1      | Learned a level 2 spell: Blink
   850 | D:2      | Found Kiqoucuq's Book Shop.
   851 | D:2      | Found a basalt altar of Yredelemnul.
  1194 | D:2      | Noticed Robin
  1197 | D:2      | Reached XP level 3. HP: 25/31 MP: 9/9
  1201 | D:2      | Reached skill level 5 in Spellcasting
  1206 | D:2      | Killed Robin
  1211 | D:2      | Reached skill level 1 in Invocations
  1214 | D:2      | HP: 3/31 [hobgoblin[Robin] (5)]
  1675 | D:2      | Learned a level 3 spell: Gell's Gravitas
  1679 | D:2      | Learned a level 3 spell: Lesser Beckoning
  1781 | D:2      | Found Sirytot's Assorted Antiques.
  1826 | D:2      | Noticed Sigmund
  1835 | D:2      | HP: 5/31 [Sigmund/magic dart (7)]
  1839 | D:2      | Killed Sigmund
  1840 | D:2      | Reached skill level 1 in Short Blades
  1840 | D:2      | Reached skill level 1 in Axes
  1840 | D:2      | Reached skill level 1 in Maces & Flails
  1840 | D:2      | Reached skill level 1 in Polearms
  1840 | D:2      | Reached skill level 1 in Staves
  1840 | D:2      | Reached skill level 1 in Slings
  1840 | D:2      | Reached skill level 1 in Bows
  1840 | D:2      | Reached skill level 1 in Crossbows
  1840 | D:2      | Reached skill level 3 in Throwing
  1840 | D:2      | Reached skill level 3 in Armour
  1840 | D:2      | Reached skill level 1 in Stealth
  1840 | D:2      | Reached skill level 1 in Shields
  1840 | D:2      | Reached skill level 1 in Unarmed Combat
  1840 | D:2      | Reached skill level 1 in Conjurations
  1840 | D:2      | Reached skill level 1 in Hexes
  1840 | D:2      | Reached skill level 1 in Summonings
  1840 | D:2      | Reached skill level 1 in Necromancy
  1840 | D:2      | Reached skill level 1 in Transmutations
  1840 | D:2      | Reached skill level 1 in Fire Magic
  1840 | D:2      | Reached skill level 1 in Ice Magic
  1840 | D:2      | Reached skill level 1 in Air Magic
  1840 | D:2      | Reached skill level 1 in Earth Magic
  1840 | D:2      | Reached skill level 1 in Poison Magic
  1840 | D:2      | Reached skill level 1 in Evocations
  1840 | D:2      | Reached XP level 4. HP: 7/38 MP: 8/11
  1840 | D:2      | Reached XP level 5. HP: 8/43 MP: 8/12
  2304 | D:2      | Found Keepn's Antique Weapon Shop.
  2325 | D:2      | Found a faded altar of an unknown god.
  2418 | D:2      | Found Wazicled's Jewellery Shoppe.
  2600 | D:3      | Reached skill level 2 in Invocations
  2600 | D:3      | Reached XP level 6. HP: 45/50 MP: 13/13
  2859 | D:3      | Found a sacrificial altar of Ru.
  3474 | D:3      | Reached skill level 5 in Fighting
  3474 | D:3      | Reached skill level 5 in Long Blades
  3474 | D:3      | Reached skill level 5 in Dodging
  3578 | D:3      | Reached skill level 2 in Short Blades
  3578 | D:3      | Reached skill level 2 in Axes
  3578 | D:3      | Reached skill level 2 in Maces & Flails
  3578 | D:3      | Reached skill level 2 in Polearms
  3578 | D:3      | Reached skill level 2 in Staves
  3578 | D:3      | Reached skill level 2 in Slings
  3578 | D:3      | Reached skill level 2 in Bows
  3578 | D:3      | Reached skill level 2 in Crossbows
  3578 | D:3      | Reached skill level 2 in Stealth
  3578 | D:3      | Reached skill level 2 in Shields
  3578 | D:3      | Reached skill level 2 in Unarmed Combat
  3578 | D:3      | Reached skill level 2 in Evocations
  3943 | D:4      | Noticed a necrophage
  3970 | D:4      | Killed a necrophage
  4182 | D:4      | Reached XP level 7. HP: 50/56 MP: 15/15
  4884 | D:4      | HP: 13/56 [black bear (4)]
  5139 | D:4      | HP: 12/56 [black bear (3)]
  5140 | D:4      | HP: 2/56 [black bear (8)]
  5140 | D:4      | Mangled by a black bear

Illustrated notes

Levels and vault maps discovered:
D:1:      nicolae_arrival_memento_mori, layout_basic
D:2:      layout_loops_ring, basic_altar, serial_shops, shop, shop_statue, shop,
          nicolae_shop_window_shopping, basic_ecumenical_altar,
          chequers_serial_rivers_small_a, wad_floor_pattern_1, uniq_robin,
          uniq_sigmund
D:3:      minmay_evil_eye, layout_loops_ring, nicolae_ru_awakened_eye
D:4:      layout_layer_cave

Skill      XL: |  1  2  3  4  5  6 |
---------------+-------------------+-----
Spellcasting   | 5 |  5.5
Invocations    | 1 2 |  2.5
Short Blades   | 1 2 |  2.3
Axes           | 1 2 |  2.3
Maces & Flails | 1 2 |  2.3
Polearms       | 1 2 |  2.3
Staves         | 1 2 |  2.3
Slings         | 1 2 |  2.3
Bows           | 1 2 |  2.3
Crossbows      | 1 2 |  2.3
Throwing       | 3 |  3.5
Armour         | 3 |  3.5
Stealth        | 1 2 |  2.3
Shields        | 1 2 |  2.3
Unarmed Combat | 1 2 |  2.3
Conjurations   | 1 |  1.9
Hexes          | 1 |  1.9
Summonings     | 1 |  1.9
Necromancy     | 1 |  1.9
Transmutations | 1 |  1.9
Fire Magic     | 1 |  1.9
Ice Magic      | 1 |  1.9
Air Magic      | 1 |  1.9
Earth Magic    | 1 |  1.9
Poison Magic   | 1 |  1.9
Evocations     | 1 2 |  2.3
Fighting       | 5 |  5.1
Long Blades    | 5 |  5.1
Dodging        | 5 |  5.1
Translocations | |  5.8

Action                   |  1- 3 |  4- 6 |  7- 9 || total
-------------------------+-------+-------+-------++-------
Melee: Falchion          |    99 |   123 |    55 ||   277
       Bite              |    11 |     4 |     5 ||    20
       Punch             |       |       |     2 ||     2
 Cast: Gell's Gravitas   |     1 |     2 |     4 ||     7
       Blink             |       |     1 |     1 ||     2
       Lesser Beckoning  |       |     1 |       ||     1
 Stab: Sleeping          |     1 |     5 |     3 ||     9
Armor: Leather armour    |    16 |    26 |    23 ||    65
Dodge: Dodged            |    55 |    74 |    59 ||   188
       Rpst.: Falchion   |    18 |    21 |    13 ||    52

Table legend: (Time is in decaauts)
 A = Elapsed time spent in this place.
 B = Non-inter-level travel time spent in this place.
 C = Inter-level travel time spent in this place.
 D = Time resting spent in this place.
 E = Time spent auto-exploring this place.
 F = Levels seen in this place.
 G = Mean time per level.
                   A        B        C        D        E       F      G
               +--------+--------+--------+--------+--------+-----+--------+
         Total |   5165 |   4730 |    435 |      0 |   4090 |   4 | 1291.2 |
       Dungeon |   5165 |   4730 |    435 |      0 |   4090 |   4 | 1291.2 |
               +--------+--------+--------+--------+--------+-----+--------+

Top non-repeatable levels by time:
     D:3: 1649 daAuts
     D:2: 1398 daAuts
     D:1: 1204 daAuts
     D:4: 913 daAuts

Table legend:
 A = Kills in this place as a percentage of kills in entire the game.
 B = Kills by you in this place as a percentage of kills by you in the entire game.
 C = Kills by friends in this place as a percentage of kills by friends in the entire game.
 D = Other kills in this place as a percentage of other kills in the entire game.
 E = Experience gained in this place as a percentage of experience gained in the entire game.
 F = Experience gained in this place divided by the number of levels of this place that you have seen.
                   A       B       C       D       E      F
               +-------+-------+-------+-------+-------+----------------------
         Total | 100.0 | 100.0 |   N/A |   N/A | 100.0 | 183.8
       Dungeon | 100.0 | 100.0 |   N/A |   N/A | 100.0 | 183.8
               +-------+-------+-------+-------+-------+----------------------
